 Dungeon Crawl Stone Soup version 0.17.0-26-gececa24 (webtiles) character file.

1057 tap556 the Cleaver (level 8, 0/64 HPs)
             Began as a Minotaur Berserker on Nov 20, 2015.
             Was an Elder of Trog.
             Slain by Pikel
             ... wielding a +2 whip of electrocution
              (14 damage)
             ... on level 5 of the Dungeon.
             The game lasted 00:15:13 (5226 turns).

tap556 the Cleaver (Minotaur Berserker)             Turns: 5226, Time: 00:15:13

Health: 0/64       AC:  9    Str: 22    XL:     8   Next: 6%
Magic:  7/7        EV:  8    Int:  4    God:    Trog [****..]
Gold:   216        SH:  0    Dex: 12    Spells: 0 memorised, 7 levels left

rFire  + . .     SeeInvis .     n - +0 hand axe (venom)
rCold  . . .     Clarity  .     p - +0 chain mail
rNeg   . . .     SustAt   .     (no shield)
rPois  .         Gourm    .     (helmet restricted)
rElec  .         Spirit   .     k - +0 cloak
rCorr  .         Warding  .     (no gloves)
rMut   .         Stasis   .     (no boots)
MR     ++...                    (no amulet)
Stlth  ..........               (no ring)
                                d - ring of protection from fire

@: lethally poisoned (0 -> 0), exhausted, regenerating, slowed, very slow, very
resistant to hostile enchantments, extremely unstealthy
A: retaliatory headbutt, horns 2
a: Berserk, Trog's Hand, Brothers in Arms, Burn Spellbooks, Renounce Religion


You were on level 5 of the Dungeon.
You worshipped Trog.
Trog was greatly pleased with you.
You were not hungry.

You visited 2 branches of the dungeon, and saw 6 of its levels.

You collected 216 gold pieces.

Inventory:

Hand Weapons
 a - a +2 flail of holy wrath
 b - a +0 shortbow
 h - a +0 mace
 n - a +0 hand axe of venom (weapon)
Missiles
 i - 25 arrows
 q - 4 poisoned javelins (quivered)
 s - 14 poisoned needles
Armour
 k - a +0 cloak (worn)
 p - a +0 chain mail (worn)
Jewellery
 d - a ring of protection from fire (left hand)
Wands
 r - a wand of paralysis (11)
 t - a wand of disintegration (18)
Scrolls
 m - a scroll of identify
Potions
 e - 2 potions of lignification
 f - 2 potions of agility {unknown}
 g - a potion of flight {unknown}
 j - a potion of curing {unknown}
 l - 2 potions of mutation {unknown}
Comestibles
 c - 2 bread rations


   Skills:
 - Level 3.6 Fighting
 + Level 11.6 Axes
 - Level 2.4 Armour
 - Level 2.1 Dodging


You had 7 spell levels left.
You didn't know any spells.

Dungeon Overview and Level Annotations

Branches:
Dungeon (5/15)             Temple (1/1) D:5

Altars:
Ashenzari
Cheibriados
Elyvilon
Gozag
Kikubaaqudgha
Nemelex Xobeh
Okawaru
Ru
Sif Muna
Vehumet
Xom
Yredelemnul

Shops:
D:5 :

Annotations:
D:5 Pikel


Innate Abilities, Weirdness & Mutations

You reflexively headbutt those who attack you in melee.
You have a pair of horns on your head.


Message History

Pikel hits you with a whip of electrocution.
You fail to use your ability.
You feel sick. The slave hits you but does no damage.
The kobold hits you but does no damage. Pikel barely misses you.
You furiously retaliate!
You headbutt Pikel, but do no damage. The slave hits you but does no damage.
You're too exhausted to go berserk.
You feel sick. The kobold closely misses you. You furiously retaliate!
You headbutt the kobold!
You kill the kobold!
Trog accepts your kill. Pikel misses you. You furiously retaliate!
You headbutt Pikel, but do no damage. The slave hits you.
* * * LOW HITPOINT WARNING * * *
Items here: (( ) † a curare-tipped needle; a blowgun; a poisoned needle; a kobold corpse You feel sick.
Pikel hits you with a whip of electrocution.
* * * LOW HITPOINT WARNING * * *
You are electrocuted!
You die...

#.....# ##.#......
#.....####.#......
#......(..........
#......#...#......
#......#.⌠.#...###
...###...###.######
....(.(.[().....(..
..(.(..>(.Kp.......
......().@(........
...###...###)......
##. #.⌠.# .....(.
#...# ....... #
...... .###### +
...+... .. #
#####.... .. #.. #.


You could see Pikel and a slave.

Vanquished Creatures
  Sigmund (D:2)
  3 slaves
  3 ogres (D:4)
  A centaur (D:5)
  A big kobold (D:5)
  A jelly (Temple)
  5 orc priests
  2 orc wizards
  A hound (D:4)
  5 adders
  4 gnolls (D:3)
  An ooze (D:2)
  2 adder skeletons (D:4)
  5 giant geckos
  15 orcs
  6 giant cockroaches
  8 goblins
  7 hobgoblins
  10 jackals
  18 kobolds
  2 quokkas
  2 ball pythons
  13 bats
  5 giant newts
  12 rats
133 creatures vanquished.

Vanquished Creatures (others)
  A plant (D:1)
1 creature vanquished.

Grand Total: 134 creatures vanquished

Notes
Turn   | Place    | Note
--------------------------------------------------------------
     0 | D:1      | tap556 the Minotaur Berserker began the quest for the Orb.
     0 | D:1      | Reached XP level 1. HP: 19/19 MP: 0/0
   160 | D:1      | Reached skill level 4 in Axes
   415 | D:1      | Reached XP level 2. HP: 5/26 MP: 1/1
   998 | D:1      | Reached skill level 5 in Axes
   998 | D:1      | Reached XP level 3. HP: 14/31 MP: 2/2
  1409 | D:1      | Reached ** piety under Trog
  1920 | D:2      | Found a radiant altar of Vehumet.
  1944 | D:2      | Noticed Sigmund
  1948 | D:2      | Killed Sigmund
  1948 | D:2      | Reached skill level 7 in Axes
  1948 | D:2      | Reached XP level 4. HP: 39/39 MP: 3/3
  1948 | D:2      | Reached XP level 5. HP: 45/45 MP: 4/4
  2054 | D:2      | Found an iron altar of Okawaru.
  2548 | D:3      | Reached *** piety under Trog
  2550 | D:3      | Reached skill level 8 in Axes
  2550 | D:3      | Reached XP level 6. HP: 47/51 MP: 5/5
  2607 | D:3      | Found a snail-covered altar of Cheibriados.
  3211 | D:3      | Reached skill level 9 in Axes
  3291 | D:3      | Found a deep blue altar of Sif Muna.
  3383 | D:4      | Reached **** piety under Trog
  3763 | D:4      | Reached XP level 7. HP: 11/57 MP: 6/6
  4030 | D:4      | Reached skill level 10 in Axes
  4227 | D:5      | Entered Level 5 of the Dungeon
  4234 | D:5      | Found Boickaff's Book Emporium.
  4252 | D:5      | Reached skill level 11 in Axes
  4628 | D:5      | Found a staircase to the Ecumenical Temple.
  4639 | Temple   | Entered the Ecumenical Temple
  5214 | D:5      | Reached XP level 8. HP: 64/64 MP: 7/7
  5215 | D:5      | Noticed Pikel
  5226 | D:5      | Slain by Pikel

Action                   |  1- 3 |  4- 6 |  7- 9 || total
-------------------------+-------+-------+-------++-------
Melee: Hand axe          |    94 |   139 |    36 ||   269
Throw: Javelin           |       |     2 |     8 ||    10
Invok: Berserk           |     3 |     1 |     3 ||     7
       Burn Spellbooks   |     1 |       |       ||     1
       Trog's Hand       |       |       |     1 ||     1
  Use: Scroll            |     3 |       |     5 ||     8
  Eat: Chunk             |     3 |     6 |       ||     9
       Royal jelly       |     1 |       |       ||     1
       Fruit             |       |     5 |       ||     5
       Pizza             |       |     1 |       ||     1
       Bread ration      |       |       |     1 ||     1
